 Dungeon Crawl Stone Soup version 0.26-a0-43-g20b394cb32 (webtiles) character file.

Game seed: 13338222878236926416

26 FHLogan the Chucker (level 2, -2/27 HPs)
             Began as a Troll Hunter on June 3, 2020.
             Slain by a gnoll (8 damage)
             ... on level 2 of the Dungeon.
             The game lasted 00:03:36 (794 turns).

FHLogan the Chucker (Troll Hunter)                   Turns: 794, Time: 00:03:37

Health: -2/27      AC:  6    Str: 19    XL:     2   Next: 89%
Magic:  1/1        EV: 10    Int:  7    God:
Gold:   91         SH:  0    Dex: 10    Spells: 1/1 levels left

rFire    . . .     SeeInvis .   a - +0 short sword
rCold    . . .     Gourm    +   (no shield)
rNeg     . . .     Faith    .   b - +0 robe
rPois    .         Spirit   .   (helmet restricted)
rElec    .         Reflect  .   (no cloak)
rCorr    .         Harm     .   (gloves unavailable)
MR       .....                  (boots unavailable)
Stlth    +.........             (no amulet)
HPRegen  0.49/turn              (no ring)
MPRegen  0.07/turn              (no ring)

@: lethally poisoned (-2 -> -2)
A: large, unfitting armour, claws 3, fast metabolism 3, gourmand, regeneration
1, shaggy fur 1, tough skin 3
a: no special abilities


You were on level 2 of the Dungeon.
You were not hungry.

You visited 1 branch of the dungeon, and saw 2 of its levels.

You collected 91 gold pieces.

Inventory:

Hand Weapons
 a - a +0 short sword (weapon)
 l - a +0 spear
Missiles
 c - a large rock (quivered)
 d - 2 throwing nets
 e - 43 stones
 i - 25 sling bullets
 k - 36 arrows
Armour
 b - a +0 robe (worn)
Scrolls
 m - a scroll of noise {unknown}
 n - 2 scrolls of amnesia {unknown}
 o - a scroll of identify {unknown}
Potions
 g - a potion of curing {unknown}
 h - a potion of flight {unknown}
 j - a potion of haste {unknown}
Comestibles
 f - 3 rations


   Skills:
 + Level 1.5 Fighting
 + Level 4.3 Throwing
 + Level 1.8 Dodging
 + Level 0.3 Stealth


You had one spell level left.
You didn't know any spells.
Your spell library was empty.

Dungeon Overview and Level Annotations

Branches:
Dungeon (2/15)

Altars:


Innate Abilities, Weirdness & Mutations

You are too large for most types of armour.
You have claws for hands.
Your metabolism is lightning-fast.
You like to eat raw meat.
Your natural rate of healing is unusually fast.
You are covered in fur. (AC +1)
You have extremely tough skin. (AC +3)


Message History

You hit the hobgoblin.
You kill the hobgoblin!
The gnoll barely misses you.
The hobgoblin hits you but does no damage.
The rat bites you but does no damage. The giant cockroach misses you.
Unknown command.
You feel sick. The hobgoblin hits you with a +0 club.
* * * LOW HITPOINT WARNING * * *
The frilled lizard barely misses you.
The rat twitches its whiskers.
You see here a hobgoblin corpse.
You feel sick.
The kobold hits you with a +0 short sword.
* * * LOW HITPOINT WARNING * * *
The frilled lizard bites you but does no damage.
There is a stone staircase leading up here.
Drop what? 15/52 slots (_ for help) (? for menu, Esc to quit)
Okay, then.
The adder barely misses you. The gnoll hits you!
You die...

#..†.#(.........
###..#...(........(
###...g#...........(.
#....g.#..........(..
#......#.............
#.....g#...g.J.......
#..(...#.g.ggr...(...
#......#.#gglKS......
#...(......sg@..#...
#........########.##
######..## # #...#
#..### ###


You could see 4 gnolls, an ooze, an adder, a giant cockroach, 2 hobgoblins, a
goblin, a kobold, a frilled lizard and a rat.

Vanquished Creatures
  A worm (D:2)
  A dart slug (D:1)
  A leopard gecko (D:1)
  5 bats
  2 giant cockroaches (D:1)
  A hobgoblin (D:2)
  3 kobolds
  A frilled lizard (D:2)
  3 goblins (D:1)
  2 rats (D:1)
20 creatures vanquished.

Notes
Turn   | Place    | Note
-------+----------+-------------------------------------------
     0 | D:1      | FHLogan the Troll Hunter began the quest for the Orb.
     0 | D:1      | Reached XP level 1. HP: 19/19 MP: 0/0
   407 | D:1      | Reached skill level 4 in Throwing
   411 | D:1      | Reached XP level 2. HP: 27/27 MP: 1/1
   794 | D:2      | Slain by a gnoll

Illustrated notes

Levels and vault maps discovered:
D:1:      matt_arrival_spirals, layout_rooms
D:2:      layout_rooms, serial_park_tiny_1

Skill      XL: |  1 |
---------------+----+-----
Throwing       | 4 |  4.3
Fighting       | |  1.5
Dodging        | |  1.8
Stealth        | |  0.3

Action                   || total
-------------------------++-------
Melee: Short sword       ||     6
Throw: Large rock        ||    31
       Stone             ||     5
       Throwing net      ||     4
  Eat: Chunk             ||     6
Armor: Robe              ||    39
Dodge: Dodged            ||    37

Table legend:
 A = Non-vault XP
 B = Vault XP
 C = Vault XP percentage of total XP
 D = Non-vault monster count
 E = Vault monster count
 F = Vault count percentage of total count
                 A         B        C        D         E       F
            +---------+---------+-------+---------+---------+-------
      Total |      38 |       0 |   0.0 |      20 |       0 |   0.0
            +---------+---------+-------+---------+---------+-------
        D:1 |      27 |       0 |   0.0 |      15 |       0 |   0.0
        D:2 |      11 |       0 |   0.0 |       5 |       0 |   0.0
            +---------+---------+-------+---------+---------+-------
